 Dungeon Crawl Stone Soup version 0.32-a0-918-g0f22ef8d61 (webtiles) character file.

Game seed: 16984294068397152259

798 Autsider the Magician (level 7, 0/76 HPs)
             Began as an Oni Hedge Wizard on Apr 10, 2024.
             Slain by an ice beast (14 damage)
             ... on level 5 of the Dungeon.
             The game lasted 00:24:42 (7680 turns).

Autsider the Magician (Oni Hedge Wizard)            Turns: 7680, Time: 00:24:43

Health: 0/76       AC:  1    Str: 15    XL:     7   Next: 89%
Magic:  1/17       EV:  8    Int: 17    God:
Gold:   333        SH:  5    Dex:  8    Spells: 11/19 levels left

rFire   . . .        a - +0 club
rCold   . . .        (no shield)
rNeg    . . .        (body armour restricted)
rPois   .            c - +0 hat
rElec   .            (no cloak)
rCorr   .            (gloves unavailable)
SInv    .            (boots unavailable)
Will    .....        h - amulet of reflection
Stlth   +            (no ring)
HPRegen 0.32/turn    (no ring)
MPRegen 0.15/turn

%: reflection
@: no status effects
A: large, unfitting armour, horns 1, tough skin 1, double potion healing,
drunken brawling
a: no special abilities


You were on level 5 of the Dungeon.
You visited 1 branch of the dungeon, and saw 5 of its levels.

You collected 333 gold pieces.

Inventory:

Hand Weapons
 a - a +0 club (weapon)
Missiles
 b - 2 atropa-tipped darts
Armour
 c - a +0 hat (worn)
Magical Staves
 q - a staff of earth
Jewellery
 h - an amulet of reflection (around neck)
Wands
 e - a wand of polymorph (11)
Scrolls
 g - a scroll of immolation
 j - 2 scrolls of teleportation {@r2}
 k - a scroll of fog {unknown}
 l - a scroll of silence {unknown}
 n - a scroll of revelation {unknown}
 p - a scroll of fear {unknown}
 s - a scroll of identify {@r1}
 t - a scroll of blinking {unknown}
 u - a scroll of amnesia {unknown}
Potions
 d - a potion of magic
 f - 2 potions of degeneration
 i - 3 potions of curing {@q1}
 m - a potion of haste {unknown}
 o - a potion of berserk rage {unknown}
 r - a potion of heal wounds {unknown}
 v - a potion of might {unknown}


   Skills:
 + Level 6.6 Fighting
 - Level 1.7 Dodging
 - Level 1.4 Stealth
 + Level 6.7 Spellcasting
 - Level 0.8 Conjurations
 - Level 0.8 Summonings
 - Level 0.8 Translocations
 + Level 3.6 Air Magic


You had 11 spell levels left.
You knew the following spells:

 Your Spells              Type           Power      Damage    Failure   Level
a - Magic Dart            Conj           32%        1d4       9%          1
w - Mephitic Cloud        Conj/Alch/Air  10%        N/A       19%         3
z - Blink                 Tloc           16%        N/A       13%         2
A - Call Imp              Summ           16%        N/A       13%         2

Your spell library contained the following spells:

 Spells                   Type           Power      Damage    Failure   Level
 Apportation              Tloc           16%        N/A       9%          1
 Summon Small Mammal      Summ           32%        N/A       9%          1
 Sting                    Conj/Alch      28%        1d4       10%         1
 Cigotuvi's Dreadful Rot  Necr/Alch/Air  18%        N/A       11%         2
 Necrotise                Necr           20%        1d5       12%         1
 Slow                     Hex            20%        N/A       12%         1
 Confusing Touch          Hex            5%         N/A       34%         3
 Vampiric Draining        Necr           5%         2d6       34%         3


Dungeon Overview and Level Annotations

Branches:
Dungeon (5/15)
 Temple: D:4-7

Altars:
Qazlal
Zin

Annotations:
D:2 exclusion: downstairs
D:3 exclusion: 3 downstairs, Ijyb
D:4 exclusions: 2 downstairs and 1 more exclusion
D:5 Edmund


Innate Abilities, Weirdness & Mutations

You are too large for most types of armour.
You have a pair of small horns on your head.
You have tough skin. (AC +1)
You gain doubled healing and magic from potions.
Whenever you drink a healing potion, you attack all around you.


Message History

The ice beast barely misses you. The ice beast closely misses you.
Your cerulean imp hits the ice beast from afar with a -4 spear.
Your cerulean imp hits the ice beast with a -4 spear.
The ice beast hits your cerulean imp.
The ice beast freezes your cerulean imp!
Your cerulean imp hits the ice beast with a -4 spear.
The ice beast misses your cerulean imp.
Your cerulean imp hits the ice beast but does no damage.
The ice beast hits your cerulean imp.
Your cerulean imp dies!
Your cerulean imp disappears in a puff of smoke!
Casting: Call Imp (safe; 13% risk of failure)
Confirm with . or Enter, or press ? or * to list all spells.
A tiny devil pulls itself out of the air.
Your cerulean imp hits the ice beast from afar with a -4 spear.
Your cerulean imp hits the ice beast but does no damage.
The ice beast hits your cerulean imp.
The ice beast freezes your cerulean imp!
Your cerulean imp dies!
Your cerulean imp disappears in a puff of smoke!
You hit the ice beast.
The ice beast is almost dead.
You block the ice beast's attack.
You barely miss the ice beast.
The ice beast is almost dead.
The ice beast hits you.
* * * LOW HITPOINT WARNING * * *
The ice beast freezes you!
* * * LOW HITPOINT WARNING * * *
You hit the ice beast but do no damage. Your headbutt misses the ice beast.
The ice beast is almost dead.
The ice beast hits you.
* * * LOW HITPOINT WARNING * * *
The ice beast freezes you!
* * * LOW HITPOINT WARNING * * *
The ice beast hits you.
* * * LOW HITPOINT WARNING * * *
The ice beast freezes you!
You die...

#...# #...†# #...# ##....#
#...# #.....# #...#
#....## ##...### #....#
#......# #..### #......#
#.########+#### #......#
#..†..Y.......# #......#
#....@........# #...<..#
#.............# #......#
####'########.# #......#
##...## ..#
#......######.....## Y..#
.>.........#......(# ....#
.####....>.#.......#.....#
. #......#......(#....## .
#......##)....##....


You could see an ice beast.

Vanquished Creatures
  A black bear (D:5)
  A centaur (D:4)
  A bullfrog (D:4)
  A hound (D:4)
  An orc priest (D:4)
  3 orc wizards
  Natasha (thrice) (D:3)
  3 gnolls (D:4)
  An adder (D:4)
  2 dart slugs
  A ribbon worm (D:2)
  10 orcs
  9 ball pythons
  7 endoplasms
  3 giant cockroaches
  11 goblins
  7 hobgoblins
  5 jackals
  4 quokkas
  3 bats
  10 frilled lizards
  7 kobolds
  3 rats
97 creatures vanquished.

Vanquished Creatures (collateral kills)
  A scorpion (D:4)
  A jelly (D:4)
  2 hounds
  A gnoll (D:4)
  2 adders
  A dart slug (D:2)
  2 orcs
  2 ball pythons (D:1)
  3 endoplasms (D:1)
  A goblin (D:2)
  A hobgoblin (D:2)
  3 jackals (D:2)
  3 kobolds
  2 quokkas
  A bat (D:1)
26 creatures vanquished.

Grand Total: 123 creatures vanquished

Notes
Turn   | Place    | Note
-------+----------+-------------------------------------------
     0 | D:1      | Autsider the Oni Hedge Wizard began the quest for the Orb.
     0 | D:1      | Reached XP level 1. HP: 16/16 MP: 5/5
   200 | D:1      | Reached skill level 1 in Fighting
   281 | D:1      | Reached XP level 2. HP: 27/27 MP: 4/6
   304 | D:1      | Learned a level 2 spell: Call Imp
   617 | D:1      | Reached XP level 3. HP: 35/35 MP: 6/8
  1462 | D:2      | Reached XP level 4. HP: 45/45 MP: 3/10
  1923 | D:2      | Learned a level 2 spell: Blink
  1927 | D:2      | Learned a level 3 spell: Mephitic Cloud
  2222 | D:2      | Reached skill level 5 in Spellcasting
  2718 | D:3      | Noticed Ijyb
  2721 | D:3      | Reached XP level 5. HP: 54/54 MP: 7/12
  2759 | D:3      | Reached skill level 1 in Air Magic
  2971 | D:3      | Found a stormy altar of Qazlal.
  2978 | D:3      | Noticed Natasha
  3011 | D:3      | Killed Natasha
  3033 | D:3      | Noticed Natasha
  3099 | D:3      | Killed Natasha
  3344 | D:3      | Reached XP level 6. HP: 24/63 MP: 2/14
  3714 | D:3      | Noticed Natasha
  3761 | D:3      | Killed Natasha
  5087 | D:4      | Reached skill level 5 in Fighting
  5718 | D:4      | Reached XP level 7. HP: 55/74 MP: 9/16
  5814 | D:5      | Entered Level 5 of the Dungeon
  5962 | D:5      | Found a glowing silver altar of Zin.
  6373 | D:5      | Noticed a two-headed ogre
  6403 | D:4      | HP: 1/75 [gnoll/+0 halberd (8)]
  7418 | D:5      | Noticed Edmund
  7680 | D:5      | Slain by an ice beast

Illustrated notes

Levels and vault maps discovered:
D:1:      nicolae_arrival_memento_mori, layout_basic
D:2:      layout_basic, minmay_misc_feat_rows
D:3:      layout_basic, lemuel_doored_altar, nrook_campfire,
          grunt_ministairs_14, nicolae_concentric_dashed_squares_mild,
          chequers_serial_rivers_small_a, minmay_lizard_king, uniq_natasha,
          uniq_ijyb
D:4:      layout_cave_pools, minmay_between
D:5:      minmay_opposing_rooms, layout_basic, lemuel_round_altar,
          palyth_stone_intersect, uniq_menkaure, uniq_edmund

Skill      XL: |  1  2  3  4  5  6  7 |
---------------+----------------------+-----
Fighting       | 1 2 3 4 5 6 |  6.6
Spellcasting   | 4 5 6 |  6.7
Air Magic      | 1 2 3 |  3.6
Dodging        | |  1.7
Stealth        | |  1.4
Conjurations   | |  0.8
Summonings     | |  0.8
Translocations | |  0.8

Action                     |  1- 3 |  4- 6 |  7- 9 || total
---------------------------+-------+-------+-------++-------
  Melee: Unarmed           |     6 |       |       ||     6
         Headbutt          |     6 |    15 |     3 ||    24
         Club              |    19 |    56 |    22 ||    97
   Cast: Magic Dart        |    70 |   185 |    65 ||   320
         Call Imp          |    10 |    28 |    17 ||    55
         Mephitic Cloud    |       |    11 |    11 ||    22
         Blink             |       |     1 |     1 ||     2
    Use: Scroll            |       |     5 |       ||     5
   Stab: Confused          |       |     4 |     1 ||     5
 Armour: Skin              |    37 |   106 |    68 ||   211
  Dodge: Dodged            |    15 |    66 |    28 ||   109
  Block: Other             |     5 |    23 |    18 ||    46
         Reflection        |     1 |       |       ||     1

Table legend: (Time is in decaauts)
 A = Elapsed time spent in this place.
 B = Non-inter-level travel time spent in this place.
 C = Inter-level travel time spent in this place.
 D = Time resting spent in this place.
 E = Time spent auto-exploring this place.
 F = Levels seen in this place.
 G = Mean time per level.
                   A        B        C        D        E       F      G
               +--------+--------+--------+--------+--------+-----+--------+
         Total |   7720 |   7332 |    388 |   1713 |   3926 |   5 | 1544.0 |
       Dungeon |   7720 |   7332 |    388 |   1713 |   3926 |   5 | 1544.0 |
               +--------+--------+--------+--------+--------+-----+--------+

Top non-repeatable levels by time:
     D:3: 2857 daAuts
     D:2: 1736 daAuts
     D:4: 1329 daAuts
     D:1: 1005 daAuts
     D:5: 791 daAuts
